 Dungeon Crawl Stone Soup version 0.20.1-1-g8b1a95d (console) character file.

42 bli the Stinger (level 3, 0/29 HPs)
             Began as a Demonspawn Wanderer on July 28, 2017.
             Slain by Terence
             ... wielding a +0 hand axe of flaming
              (2 damage)
             ... on level 2 of the Dungeon.
             The game lasted 00:05:59 (1296 turns).

bli the Stinger (Demonspawn Wanderer)               Turns: 1296, Time: 00:05:59

Health: 0/29       AC:  3    Str:  9 (11) XL:     3   Next: 35%
Magic:  3/3        EV: 11    Int: 11 (13) God:
Gold:   56         SH:  0    Dex: 11 (14) Spells: 2/2 levels left

rFire    . . .     SeeInvis .   a - +2 spear
rCold    . . .     Gourm    .   (no shield)
rNeg     . . .     Faith    .   i - +0 leather armour
rPois    .         Spirit   .   (no helmet)
rElec    .         Reflect  .   (no cloak)
rCorr    .         Harm     .   (no gloves)
MR       .....                  (no boots)
Stlth    +.........             (no amulet)
Regen    0.1/turn               (no ring)
MPRegen  0.1/turn               (no ring)

@: no status effects
A: powered by death 1, sturdy frame 1
a: no special abilities


You were on level 2 of the Dungeon.
You were not hungry.

You visited 1 branch of the dungeon, and saw 2 of its levels.

You collected 56 gold pieces.

Inventory:

Hand Weapons
 a - a +2 spear (weapon)
Missiles
 k - 37 stones (quivered)
Armour
 d - a +0 robe
 i - a +0 leather armour (worn)
Scrolls
 e - a scroll of remove curse {unknown}
 h - 4 scrolls of identify {unknown}
 l - a scroll of enchant armour {unknown}
Potions
 c - a potion of lignification
Books
 b - the Grimoire of Necromancy

   Spells                             Type                      Level
   a - Corpse Rot                     Necromancy                   2
   b - Sublimation of Blood           Necromancy                   2
Comestibles
 f - a bread ration
 g - a meat ration
 n - a fruit


   Skills:
 + Level 3.0 Fighting
 + Level 1.8 Polearms
 + Level 0.3 Armour
 + Level 1.1 Dodging
 + Level 1.3 Stealth
   Level 1.7 Shields
   Level 3.0 Poison Magic


You had 2 spell levels left.
You didn't know any spells.

Dungeon Overview and Level Annotations

Branches:
Dungeon (2/15)

Altars:

Annotations:
D:2 Robin, Sigmund, Terence


Innate Abilities, Weirdness & Mutations

You regenerate a little health from kills.
Your movements are slightly less encumbered by armour. (ER -2)


Message History

You closely miss Terence.
Terence is severely wounded.
Terence completely misses you.
You closely miss Terence.
Terence is severely wounded.
Terence hits you with a hand axe of flaming.
Terence burns you.
You barely miss Terence.
Terence is severely wounded.
Terence hits you with a hand axe of flaming.
* * * LOW HITPOINT WARNING * * *
Terence burns you.
* * * LOW HITPOINT WARNING * * *
It was a potion of degeneration.
There was something very wrong with that liquid.
You feel weakened.
You feel dopey.
You feel clumsy.
Terence hits you with a hand axe of flaming.
* * * LOW HITPOINT WARNING * * *
Terence burns you.
You die...

## #. #. #. ##.###
#....# #....#
#..#..<.##
#........#####
#...#.##..@@g#
#..... #####K#
#.#... #.# # #...
#K# . #... #K# .
[..r..............
. ...............
..........%g... .
...r[......#.#% .
r..........# .. .
...........# .$.S.
.♣


You could see Terence, a goblin and a kobold.

Vanquished Creatures
  An adder (D:1)
  A dart slug (D:1)
  A giant cockroach (D:2)
  9 goblins
  6 hobgoblins
  3 kobolds (D:1)
  4 bats (D:1)
  2 rats (D:1)
27 creatures vanquished.

Notes
Turn   | Place    | Note
-------+----------+-------------------------------------------
     0 | D:1      | bli the Demonspawn Wanderer began the quest for the Orb.
     0 | D:1      | bli set off with: a +2 spear, the Grimoire of Necromancy, a potion of lignification, a +0 robe, a bread ration
     0 | D:1      | Reached XP level 1. HP: 16/16 MP: 1/1
   366 | D:1      | Gained mutation: Your movements are slightly less encumbered by armour. (ER -2) [demonic ancestry]
   366 | D:1      | Reached XP level 2. HP: 23/23 MP: 2/2
   822 | D:2      | Found a faded altar of an unknown god.
   824 | D:2      | Noticed Sigmund
   825 | D:2      | Noticed Robin
   845 | D:1      | Gained mutation: You regenerate a little health from kills. [demonic ancestry]
   845 | D:1      | Reached XP level 3. HP: 14/28 MP: 3/3
  1276 | D:2      | Noticed Terence
  1296 | D:2      | Slain by Terence

Skill      XL: |  1  2  3 |
---------------+----------+-----
Fighting       | 3 |  3.0
Polearms       | |  1.8
Armour         | |  0.3
Dodging        | |  1.1
Stealth        | |  1.3
Shields        | |  1.7
Poison Magic   | |  3.0

Action                   || total
-------------------------++-------
Melee: Spear             ||    83
  Use: Potion            ||     1
 Stab: Sleeping          ||     2
       Distracted        ||     2
  Eat: Chunk             ||     1
Armor: Robe              ||     1
       Leather armour    ||    11
Dodge: Dodged            ||    39
